 Dungeon Crawl Stone Soup version 0.28.0 (webtiles) character file.

Game seed: 1006210214692657558

228 Ayyar the Chopper (level 5, -14/32 (41) HPs)
             Began as a Demonspawn Gladiator on Apr 13, 2022.
             Demolished by an ogre (17 damage)
             ... on level 4 of the Dungeon.
             The game lasted 00:05:57 (2094 turns).

Ayyar the Chopper (Demonspawn Gladiator)            Turns: 2094, Time: 00:05:58

HP:   -14/32 (41)   AC:  6    Str: 17    XL:     5   Next: 70%
MP:   5/5           EV: 15    Int:  9    God:
Gold: 136           SH:  0    Dex: 14    Spells: 4/4 levels left

rFire   . . .      SeeInvis .   a - +0 war axe
rCold   . . .      Faith    .   g - +0 buckler
rNeg    . . .      Spirit   .   e - +0 ring mail
rPois   .          Reflect  .   (helmet restricted)
rElec   .          Harm     .   (no cloak)
rCorr   .          Rampage  .   (no gloves)
Will    .....                   k - +0 pair of boots
Stlth   ..........              (no amulet)
HPRegen 0.10/turn               l - +4 ring of evasion
MPRegen 0.09/turn               (no ring)

@: confused, heavily drained
A: claws 1, demonic magic 1, horns 1, talons 1
a: no special abilities


You were on level 4 of the Dungeon.
You visited 1 branch of the dungeon, and saw 4 of its levels.

You collected 136 gold pieces.

Inventory:

Hand Weapons
 a - a +0 war axe (weapon)
Missiles
 d - 4 throwing nets
 j - 3 poisoned darts (quivered)
Armour
 e - a +0 ring mail (worn)
 g - a +0 buckler (worn)
 k - a +0 pair of boots (worn)
Jewellery
 l - a +4 ring of evasion (left claw)
Scrolls
 c - a scroll of identify {unknown}
 h - a scroll of fear
Potions
 b - a potion of attraction {unknown}
 f - a potion of mutation
 i - a potion of cancellation {unknown}
 n - a potion of curing
 o - a potion of degeneration {unknown}


   Skills:
 + Level 3.4 Fighting
 + Level 3.7 Axes
 + Level 3.0 Throwing
 + Level 3.7 Dodging


You had 4 spell levels left.
You didn't know any spells.
Your spell library contained the following spells:

 Spells                   Type           Power      Damage    Failure   Level
 Animate Skeleton         Necr           0%         N/A       71%         1
 Pain                     Necr           0%         1d4       71%         1
 Gell's Gravitas          Tloc           0%         N/A       97%         3
 Ignite Poison            Fire/Tmut/Pois 0%         N/A       97%         3
 Lesser Beckoning         Tloc           0%         N/A       97%         3
 Mephitic Cloud           Conj/Pois/Air  0%         N/A       97%         3
 Teleport Other           Tloc           0%         N/A       97%         3
 Vampiric Draining        Necr           0%         2d6       97%         3
 Freezing Cloud           Conj/Ice/Air   0%         6-21      100%        5
 Dispersal                Tloc           0%         N/A       100%        6


Dungeon Overview and Level Annotations

Branches:
Dungeon (3/15)

Altars:
Qazlal
Trog
Wu Jian


Innate Abilities, Weirdness & Mutations

You have sharp fingernails.
Spells you cast may paralyse adjacent enemies.
You have a pair of small horns on your head.
You have sharp toenails.


Message History

Reactivating autopickup.
The orc wizard casts a spell at you. The puff of flame hits you!
* * * LOW HITPOINT WARNING * * *
The orc wizard casts a spell.
The orc wizard flickers and vanishes!
Deactivating autopickup; reactivate with Ctrl-A.
Found 16 gold pieces and a scroll labelled QOCOYL DATUIC.
You block the hobgoblin's attack. The hobgoblin hits you.
* * * LOW HITPOINT WARNING * * *
You see here 16 gold pieces.
The hobgoblin closely misses you. As you open the door, it creaks loudly!
You block the hobgoblin's attack.
There is an open door here.
You open the door. The hobgoblin hits you.
* * * LOW HITPOINT WARNING * * *
There is an open door here.
You open the door.
The hobgoblin hits you but does no damage.
An orc wizard appears from thin air!
Reactivating autopickup.
There is an open door here.
You slash the hobgoblin!
You kill the hobgoblin!
The orc wizard hits you with a +2 dagger of draining.
* * * LOW HITPOINT WARNING * * *
You feel drained. The orc wizard casts a spell at you.
You resist with some effort.
You open the door. The orc wizard casts a spell at you.
You are confused.
You bump into the stone wall.
You closely miss the orc wizard.
The orc wizard is lightly wounded.
You hit the ogre. The ogre hits you with a +0 giant club!
Ouch! That really hurt!
You die...

# #.....#
#.....#
#.#O###
#####.#+#
#.#.# +...'.#
#.#.#
#####...###
#...#
+.#.......#
###.o##
###.#'#...#+#
....O#
#.....#...#
####.#
+...oO##+##
#.# #....@#
#.#####
###.#'#
####>....+
+.#..
......####
#####.
####.## ..
#.# ## ###.#
#...##
##.#..#


You could see an ogre and an orc wizard.

Vanquished Creatures
  Sigmund (D:2)
  2 adders (D:2)
  A worm (D:2)
  A dart slug (D:1)
  4 orcs (D:4)
  4 bats
  2 endoplasms (D:1)
  2 giant cockroaches
  4 goblins
  6 hobgoblins
  3 jackals (D:2)
  3 kobolds
  2 quokkas
  6 ball pythons
  10 frilled lizards
  4 rats
  A spectral goblin (D:1)
56 creatures vanquished.

Notes
Turn   | Place    | Note
-------+----------+-------------------------------------------
     0 | D:1      | Ayyar the Demonspawn Gladiator began the quest for the Orb.
     0 | D:1      | Reached XP level 1. HP: 16/16 MP: 1/1
     6 | D:1      | Noticed an iguana
     6 | D:1      | Noticed a tyrant leech
     6 | D:1      | Noticed an imperial myrmidon
     7 | D:1      | Noticed a hell rat
     7 | D:1      | Noticed a frost giant
   125 | D:1      | Found a faded altar of an unknown god.
   224 | D:1      | Gained mutation: Spells you cast may paralyse adjacent
                  | enemies. [demonic ancestry]
   224 | D:1      | Reached XP level 2. HP: 20/22 MP: 2/2
   906 | D:1      | Reached XP level 3. HP: 22/28 MP: 3/3
  1454 | D:2      | Noticed Sigmund
  1460 | D:2      | Gained mutation: You have sharp toenails. [potion of
                  | mutation]
  1460 | D:2      | Gained mutation: You have a pair of small horns on your
                  | head. [potion of mutation]
  1487 | D:2      | Killed Sigmund
  1488 | D:2      | Reached XP level 4. HP: 26/35 MP: 4/4
  1488 | D:2      | Gained mutation: You have sharp fingernails. [demonic
                  | ancestry]
  1488 | D:2      | Reached XP level 5. HP: 31/41 MP: 5/5
  1943 | D:3      | You fall into a shaft and drop 1 floor!
  1943 | D:4      | Noticed an ogre
  1997 | D:4      | Found a stormy altar of Qazlal.
  2002 | D:4      | Found an ornate altar of the Wu Jian Council.
  2006 | D:4      | Found a bloodstained altar of Trog.
  2094 | D:4      | Demolished by an ogre

Illustrated notes

Levels and vault maps discovered:
D:1:      onia_arrival_zoo_common, layout_loops_corners,
          dreamdust_ecumenical_altar_drowned_temple,
          chequers_serial_rivers_micro_c, minmay_lizard_pond
D:2:      layout_rooms, st_stairs_2, solitary_fountain, uniq_sigmund
D:3:      layout_loops_ring, chei_slow_surprise
D:4:      nicolae_cairo_tiling_large, layout_rooms,
          minmay_overflow_temple_star_quad, temple_hall,
          kennysheep_windowed_goal

Skill      XL: |  1  2  3  4  5 |
---------------+----------------+-----
Throwing       | 2 3 |  3.0
Axes           | 3 |  3.7
Dodging        | 3 |  3.7
Fighting       | 3 |  3.4

Action                   |  1- 3 |  4- 6 || total
-------------------------+-------+-------++-------
Melee: War axe           |    92 |    33 ||   125
       Punch             |     2 |       ||     2
       Unarmed           |    18 |       ||    18
       Headbutt          |     1 |     5 ||     6
Throw: Dart              |     2 |       ||     2
  Use: Potion            |     1 |     2 ||     3
       Scroll            |       |     1 ||     1
Armor: Ring mail         |    44 |    29 ||    73
       Leather armour    |     4 |       ||     4
       Skin              |     3 |       ||     3
Dodge: Dodged            |    91 |    80 ||   171
Block: Buckler           |     5 |    11 ||    16
